 Dungeon Crawl Stone Soup version 0.25-a0-733-gf7d8cd8a05 (webtiles) character file.

Game seed: 13931702190636109990, levelgen mode: deterministic

24 kae the Ruffian (level 2, -1/23 HPs)
             Began as a Draconian Transmuter on Apr 9, 2020.
             Slain by a worm (8 damage)
             ... on level 2 of the Dungeon.
             The game lasted 00:00:54 (896 turns).

kae the Ruffian (Draconian Transmuter)               Turns: 896, Time: 00:00:54

Health: -1/23      AC:  4    Str: 12    XL:     2   Next: 79%
Magic:  5/5        EV: 12    Int: 13    God:
Gold:   76         SH:  0    Dex: 11    Spells: 4/5 levels left

rFire    . . .     SeeInvis .   f - +0 mace
rCold    . . .     Gourm    .   (no shield)
rNeg     . . .     Faith    .   (armour unavailable)
rPois    .         Spirit   .   (helmet restricted)
rElec    .         Reflect  .   (no cloak)
rCorr    .         Harm     .   (no gloves)
MR       .....                  (no boots)
Stlth    +.........             (no amulet)
HPRegen  0.07/turn              (no ring)
MPRegen  0.09/turn              (no ring)

@: no status effects
A: unfitting armour, cold-blooded, AC +4
a: no special abilities


You were on level 2 of the Dungeon.
You were not hungry.

You visited 1 branch of the dungeon, and saw 2 of its levels.

You collected 76 gold pieces.

Inventory:

Hand Weapons
 f - a +0 mace (weapon)
Missiles
 a - 12 arrows
Armour
 b - a +0 pair of boots
Jewellery
 i - an uncursed ring of wizardry {unknown}
Scrolls
 g - 2 scrolls of teleportation
Potions
 d - a potion of degeneration {unknown}
 e - a potion of flight {unknown}
 h - a potion of mutation {unknown}
Comestibles
 c - 4 rations


   Skills:
 - Level 1.1 Fighting
 - Level 1.7 Dodging
 * Level 3.6 Unarmed Combat
 + Level 2.3 Spellcasting
 + Level 2.3 Transmutations


You had 4 spell levels left.
You knew the following spells:

 Your Spells              Type           Power        Failure   Level  Hunger
a - Beastly Appendage     Tmut           #.....       10%         1    #......

Your spell library contained the following spells:

 Spells                   Type           Power        Failure   Level  Hunger
 Sticks to Snakes         Tmut           #.......     14%         2    ###....
 Spider Form              Tmut/Pois      #.........   41%         3    ###....
 Ice Form                 Ice/Tmut       #.......     83%         4    #####..
 Blade Hands              Tmut           #.........   95%         5    ######.


Dungeon Overview and Level Annotations

Branches:
Dungeon (2/15)

Altars:
The Shining One


Innate Abilities, Weirdness & Mutations

Your plain brown scales are hard. (AC +4)
You cannot fit into any form of body armour.
You are cold-blooded and may be slowed by cold attacks.


Message History

The worm bites you.
You are too injured to fight recklessly!
You are too injured to fight recklessly!
You are too injured to fight recklessly!
You are too injured to fight recklessly!
You hit the worm but do no damage.
The worm is moderately wounded.
The worm bites you but does no damage.
You hit the worm.
You tail-slap the worm, but do no damage.
The worm is moderately wounded.
The worm bites you!
You hit the worm. You tail-slap the worm.
The worm is heavily wounded.
The worm barely misses you.
You hit the worm. You headbutt the worm.
The worm is almost dead.
Your horns disappear.
The worm bites you!
You die...

### ###
##.################.# ##
.....#..............# ...
.......############.##...#
##........................#
#################..#####..
......w@..## ########...#
##...... #.8..... ##..8.8.
#..... #####


You could see a worm.

Vanquished Creatures
  A dart slug (D:1)
  A leopard gecko (D:1)
  8 goblins (D:1)
  A hobgoblin (D:1)
  4 kobolds (D:1)
  3 bats (D:1)
  3 rats (D:1)
21 creatures vanquished.

Notes
Turn   | Place    | Note
-------+----------+-------------------------------------------
     0 | D:1      | kae the Draconian Transmuter began the quest for the Orb.
     0 | D:1      | Reached XP level 1. HP: 16/16 MP: 3/3
    84 | D:1      | Reached XP level 2. HP: 3/23 MP: 3/5
   417 | D:1      | Found a glowing golden altar of the Shining One.
   896 | D:2      | Slain by a worm

Levels and vault maps discovered:
D:1:      saegor_arrival_simple_c, layout_rooms, roderic_serpentine_path,
          tso_metal_star
D:2:      layout_basic, zin_statuary, serial_glass, glass_columns_b,
          glass_columns_a, st_stairs_5

Action                   || total
-------------------------++-------
Melee: Unarmed           ||    46
       Kick              ||     7
       Tailslap          ||     7
       Mace              ||    18
       Headbutt          ||     1
 Cast: Beastly Appendage ||    12
  Use: Scroll            ||     3
Armor: Skin              ||    17
Dodge: Dodged            ||    42

Table legend:
 A = Non-vault XP
 B = Vault XP
 C = Vault XP percentage of total XP
 D = Non-vault monster count
 E = Vault monster count
 F = Vault count percentage of total count
                 A         B        C        D         E       F
            +---------+---------+-------+---------+---------+-------
      Total |      35 |       0 |   0.0 |      21 |       0 |   0.0
            +---------+---------+-------+---------+---------+-------
        D:1 |      35 |       0 |   0.0 |      21 |       0 |   0.0
            +---------+---------+-------+---------+---------+-------
